 Seeded DCSS version 0.31-a0-626-g8143ab4f1d (webtiles) character file.

Game seed: 12485923201681380469 (custom seed)

41 innerfire43 the Ruffian (level 3, -1/26 HPs)
             Began as a Gnoll Shapeshifter on Aug 24, 2023.
             Slain by a rat (3 damage)
             ... on level 2 of the Dungeon.
             The game lasted 00:01:06 (921 turns).

innerfire43 the Ruffian (Gnoll Shapeshifter)         Turns: 921, Time: 00:01:07

Health: -1/26      AC:  2    Str: 14    XL:     3   Next: 52%
Magic:  4/4        EV: 13    Int:  9    God:
Gold:   92         SH:  0    Dex: 12    Spells: 3/3 levels left

rFire   . .          .
                       - Unarmed
rCold   . . .        (shield currently unavailable)
rNeg    . . .        a - +0 animal skin
rPois   .            (no helmet)
rElec   .            (no cloak)
rCorr   .            (no gloves)
SInv    .            (no boots)
Will    .....        (no amulet)
Stlth   +            (no ring)
HPRegen 0.24/turn    (no ring)
MPRegen 0.09/turn

%: no passive effects
@: flux-form, glowing
A: glow, contaminating, reduced hp, fangs 1, strong nose, distributed training
a: Begin Untransformation


You were on level 2 of the Dungeon.
You were something dangerously unstable.
You visited 1 branch of the dungeon, and saw 2 of its levels.

You collected 92 gold pieces.

Inventory:

Armour
 a - a +0 animal skin (worn)
Jewellery
 i - a +6 ring of strength
Talismans
 c - a beast talisman
 d - a flux talisman (active)
Scrolls
 f - a scroll of enchant weapon {unknown}
 g - a scroll of vulnerability {unknown}
 j - a scroll of teleportation {unknown}
 k - a scroll of amnesia {unknown}
Potions
 b - a potion of lignification
 e - a potion of enlightenment {unknown}
 h - a potion of experience {unknown}
 l - a potion of brilliance {unknown}


   Skills:
 + Level 2.6 Fighting
 + Level 0.8 Short Blades
 + Level 0.8 Long Blades
 + Level 0.8 Axes
 + Level 0.8 Maces & Flails
 + Level 0.8 Polearms
 + Level 0.8 Staves
 + Level 0.8 Ranged Weapons
 + Level 0.8 Throwing
 + Level 0.8 Armour
 + Level 4.5 Dodging
 + Level 0.8 Stealth
 + Level 0.8 Shields
 + Level 6.5 Unarmed Combat
 + Level 0.8 Spellcasting
 + Level 0.5 Conjurations
 + Level 0.5 Hexes
 + Level 0.5 Summonings
 + Level 0.5 Necromancy
 + Level 0.5 Translocations
 + Level 0.5 Transmutations
 + Level 0.5 Fire Magic
 + Level 0.5 Ice Magic
 + Level 0.5 Air Magic
 + Level 0.5 Earth Magic
 + Level 0.5 Poison Magic
 + Level 1.0 Invocations
 + Level 0.8 Evocations
 + Level 6.5 Shapeshifting


You had 3 spell levels left.
You didn't know any spells.
Your spell library contained the following spells:

 Spells                   Type           Power      Damage    Failure   Level
 Blink                    Tloc           2%         N/A       41%         2
 Lesser Beckoning         Tloc           2%         N/A       41%         2
 Momentum Strike          Conj/Tloc      2%         3d8       41%         2


Dungeon Overview and Level Annotations

Branches:
Dungeon (2/15)

Altars:


Innate Abilities, Weirdness & Mutations

You are something dangerously unstable.
You glow with magical radiation, making you easy to see and hit.
Foes you strike become dangerously contaminated with magical radiation.
Your maximum health is decreased, since you lack skill for your form.
You are incapable of wielding weapons or throwing items.
You have very sharp teeth.
Your uncanny sense of smell can sniff out nearby items.
Your experience applies equally to all skills.


Message History

Terence closely misses you.
There are monsters nearby!
You hit Terence.
Terence glows dangerously bright.
Terence is lightly wounded.
There are monsters nearby!
You barely miss Terence.
Terence is lightly wounded.
Terence hits you with a +0 hand axe!
You hit Terence.
Terence shudders as magic cascades through him.
Terence twists and deforms.
Terence is moderately wounded.
Terence misses you.
You closely miss Terence.
Terence is moderately wounded.
Terence hits you with a +0 hand axe. The rat bites you.
You closely miss Terence.
Terence is moderately wounded.
Terence hits you with a +0 hand axe!
* * * LOW HITPOINT WARNING * * *
The rat misses you.
Unknown command.
You barely miss Terence. You bite Terence.
Terence is moderately wounded.
Terence closely misses you. The rat closely misses you.
Unknown command.
You hit Terence.
Terence begins to glow.
Terence is heavily wounded.
Terence barely misses you. The rat misses you.
Okay, then.
You hit Terence.
Terence glows dangerously bright.
Terence is severely wounded.
Terence hits you with a +0 hand axe.
* * * LOW HITPOINT WARNING * * *
The rat bites you.
* * * LOW HITPOINT WARNING * * *
You hit Terence.
You kill Terence!
The rat bites you.
You die...

####
#.........##.....#..........
#
#.........##.....#..........
#
#.........##.....'..........
#
#.........##.....##.........
#
###'#####..'.....###'#'##'##
# #.# ####'.....# #.#.##.#
########.# #.........#
#.#.##.# .........#
#.........# #.#+##.#
.........# #...B.....# #..
#.. .........# #..r).....#
#.. ### )........#
#.........# #.. .........#
#.........# #... .........#
#.........# .........#
#.........+ .........#
#.........# .........#
#.........# .........#


You could see a rat.

Vanquished Creatures
  Terence (D:2)
  A worm (D:2)
  An endoplasm (D:1)
  4 giant cockroaches
  10 hobgoblins
  3 kobolds
  3 quokkas (D:1)
  2 ball pythons
  A bat (D:2)
  5 goblins
  3 rats
34 creatures vanquished.

Notes
Turn   | Place    | Note
-------+----------+-------------------------------------------
     0 | D:1      | innerfire43 the Gnoll Shapeshifter began the quest for the
                  | Orb.
     0 | D:1      | Reached XP level 1. HP: 17/17 MP: 1/1
   118 | D:1      | Reached XP level 2. HP: 21/23 MP: 2/2
   540 | D:1      | Reached XP level 3. HP: 26/28 MP: 3/3
   786 | D:2      | Reached skill level 1 in Invocations
   908 | D:2      | Noticed Terence
   921 | D:2      | Killed Terence
   921 | D:2      | Slain by a rat

Illustrated notes

Levels and vault maps discovered:
D:1:      lightli_arrival_maybe_door_vault, layout_rooms, kennysheep_nondescript
D:2:      layout_basic, uniq_terence

Skill      XL: |  1  2  3 |
---------------+----------+-----
Invocations    | 1 |  1.0
Fighting       | |  2.6
Short Blades   | |  0.8
Long Blades    | |  0.8
Axes           | |  0.8
Maces & Flails | |  0.8
Polearms       | |  0.8
Staves         | |  0.8
Ranged Weapons | |  0.8
Throwing       | |  0.8
Armour         | |  0.8
Dodging        | |  4.5
Stealth        | |  0.8
Shields        | |  0.8
Unarmed Combat | |  6.5
Spellcasting   | |  0.8
Conjurations   | |  0.5
Hexes          | |  0.5
Summonings     | |  0.5
Necromancy     | |  0.5
Translocations | |  0.5
Transmutations | |  0.5
Fire Magic     | |  0.5
Ice Magic      | |  0.5
Air Magic      | |  0.5
Earth Magic    | |  0.5
Poison Magic   | |  0.5
Evocations     | |  0.8
Shapeshifting  | |  6.5

Action                     || total
---------------------------++-------
  Melee: Unarmed           ||    84
         Punch             ||     2
         Bite              ||     8
 Armour: Animal skin       ||     9
  Dodge: Dodged            ||    46
   Form: Flux              ||     1

Table legend: (Time is in decaauts)
 A = Elapsed time spent in this place.
 B = Non-inter-level travel time spent in this place.
 C = Inter-level travel time spent in this place.
 D = Time resting spent in this place.
 E = Time spent auto-exploring this place.
 F = Levels seen in this place.
 G = Mean time per level.
                   A        B        C        D        E       F      G
               +--------+--------+--------+--------+--------+-----+--------+
         Total |    911 |    856 |     55 |      0 |    661 |   2 |  455.5 |
       Dungeon |    911 |    856 |     55 |      0 |    661 |   2 |  455.5 |
               +--------+--------+--------+--------+--------+-----+--------+

Top non-repeatable levels by time:
     D:1: 598 daAuts
     D:2: 312 daAuts
